AoeStats
← Celacho31

Black Forest

505594736Analyzed
3v3 RM · 21d ago on Sep 10, 2026· 48m 32s· 6 players
Game mode
Random Map
Map size
Normal (6 player)
Population
200
Speed
Normal
Resources
Standard
Victory
Conquest
Starting age
Dark Age
Ending age
Imperial Age
RankedLock teamsTeams togetherTeam positionsShared explorationLock speedFull tech treeHidden civsTurbo modeCheats
Victory
Defeat
🇨🇴 Ethiopians · Colombia
635
+25
🇨🇴 Franks · Colombia
492
+20
🇨🇴 Britons · Colombia
475
+18
🇵🇪 Lithuanians · Peru
536
-15
🇻🇳 Goths · Vietnam
505
-15
🇪🇨 Portuguese · Ecuador
405
-11
Byronandres6
20:16 Feudal Age
22:23 Wheelbarrow
30:14 Double-Bit Axe
30:27 Stone Mining
30:28 Gold Mining
32:26 Town Watch
36:21 Man-at-Arms
39:56 Castle Age
40:16 Forging
40:58 Crossbowman
41:00 Elite Skirmisher
43:31 Stone Shaft Mining
44:14 Town Patrol
46:07 Long Swordsman
47:55 Bow Saw
MAHORAGA
12:04 Feudal Age
12:42 Horse Collar
12:48 Double-Bit Axe
14:45 Loom
15:35 Wheelbarrow
14:46 Town Watch
16:40 Gold Mining
16:44 Stone Mining
21:58 Castle Age
29:27 Imperial Age
27:14 Hand Cart
26:59 Town Patrol
29:08 Bow Saw
29:04 Heavy Plow
29:26 Man-at-Arms
30:07 Squires
29:53 Arson
31:25 Two-Man Saw
31:01 Crop Rotation
33:36 Bloodlines
33:30 Husbandry
32:53 Cavalier
34:23 Stone Shaft Mining
35:42 Light Cavalry
35:44 Paladin
37:49 Scale Mail Armor
37:56 Scale Barding Armor
38:04 Forging
40:40 Chain Mail Armor
40:45 Chain Barding Armor
39:52 Long Swordsman
39:54 Pikeman
42:25 Elite Leitis
46:01 Plate Barding Armor
phucvaki
0:35 Loom
15:07 Feudal Age
17:26 Double-Bit Axe
17:27 Horse Collar
20:11 Castle Age
18:32 Gold Mining
20:04 Scale Mail Armor
20:17 Forging
20:02 Stone Mining
27:36 Bow Saw
28:59 Elite Skirmisher
31:22 Squires
33:34 Padded Archer Armor
40:24 Imperial Age
39:15 Ballistics
41:36 Stone Shaft Mining
41:06 Heavy Plow
41:45 Wheelbarrow
43:56 Anarchy
43:57 Perfusion
43:28 Pikeman
46:02 Halberdier
Celacho31
12:58 Feudal Age
12:55 Loom
14:34 Double-Bit Axe
19:25 Castle Age
17:59 Town Watch
18:21 Horse Collar
18:37 Fletching
19:14 Stone Mining
20:38 Bow Saw
20:53 Padded Archer Armor
22:38 Leather Archer Armor
22:54 Crossbowman
23:55 Heavy Plow
26:33 Wheelbarrow
26:29 Gold Mining
29:34 Town Patrol
30:10 Hand Cart
37:53 Caravan
38:23 Coinage
40:35 Imperial Age
40:39 Yeomen
40:33 Bodkin Arrow
41:20 Gold Shaft Mining
41:54 Elite Longbowman
42:37 Warwolf
43:15 Hoardings
43:11 Bracer
43:42 Ring Archer Armor
43:20 Scale Barding Armor
44:34 Two-Man Saw
45:02 Banking
46:31 Conscription
45:42 Sappers
tomo2220
12:51 Feudal Age
15:35 Scale Barding Armor
17:35 Castle Age
19:15 Stone Mining
19:37 Double-Bit Axe
21:04 Chain Barding Armor
23:16 Loom
27:48 Gold Mining
29:16 Husbandry
32:36 Imperial Age
31:27 Fortified Wall
33:22 Chivalry
33:45 Conscription
32:50 Cavalier
34:19 Plate Barding Armor
34:21 Coinage
33:53 Caravan
35:44 Paladin
jeas0104
14:20 Feudal Age
16:27 Arson
16:03 Man-at-Arms
17:13 Loom
22:13 Double-Bit Axe
25:55 Castle Age
27:54 Bow Saw
28:08 Crossbowman
35:05 Gold Mining
35:05 Stone Mining
35:01 Horse Collar
43:27 Elite Skirmisher
44:14 Thumb Ring
44:44 Ballistics
48:14 Heavy Plow
Connection lost

Rejoining the realm…

Still unreachable

The connection could not be restored.

Session expired

The server has moved on; the page needs a fresh start.